 Dungeon Crawl Stone Soup version 0.31-a0-1321-g5021b54cb2 (webtiles) character file.

Game seed: 7784470355651439655

1205 dialectric the Covert (level 8, -4/40 HPs)
             Began as a Spriggan Delver on Dec 20, 2023.
             Was a Believer of Dithmenos.
             Killed by divine providence
             ... invoked by an orc priest
              (9 damage)
             ... on level 8 of the Dungeon.
             The game lasted 00:12:27 (5845 turns).

dialectric the Covert (Spriggan Delver)             Turns: 5845, Time: 00:12:28

Health: -4/40      AC:  7    Str:  8    XL:     8   Next: 21%
Magic:  9/9        EV: 22    Int: 12    God:    Dithmenos [**....]
Gold:   227        SH:  0    Dex: 18    Spells: 7/7 levels left

rFire   . . .        G - +3 short sword
rCold   . . .        (no shield)
rNeg    . . .        b - +0 robe
rPois   .            (helmet restricted)
rElec   .            y - +0 cloak
rCorr   +            (gloves unavailable)
SInv    +            (boots unavailable)
Will    +....        (no amulet)
Stlth   ++++++       j - ring of resist corrosion
HPRegen 0.26/turn    E - +4 ring of protection
MPRegen 0.11/turn

%: no passive effects
@: wreathed by umbra, very quick
A: very small, no large weapons, unfitting armour, see invisible, speed 3
a: Renounce Religion, Shadow Step


You were on level 8 of the Dungeon.
You worshipped Dithmenos.
Dithmenos was pleased with you.
You visited 2 branches of the dungeon, and saw 9 of its levels.

You collected 332 gold pieces.
You spent 105 gold pieces at shops.

Inventory:

Hand Weapons
 G - a +3 short sword (weapon)
Missiles
 n - 2 darts of dispersal
 r - 3 throwing nets
 F - 9 poisoned darts (quivered)
Armour
 b - a +0 robe (worn)
 y - a +0 cloak (worn)
 H - a +0 buckler
Jewellery
 j - a ring of resist corrosion (left hand)
 C - an amulet of magic regeneration
 E - a +4 ring of protection (right hand)
Wands
 g - a wand of digging (3)
 w - a wand of flame (1)
Scrolls
 c - a scroll of fog
 d - 2 scrolls of revelation
 e - 2 scrolls of fear
 i - 2 scrolls of blinking
 o - 2 scrolls of teleportation
 p - 2 scrolls of vulnerability {unknown}
 q - a scroll of immolation {unknown}
 s - a scroll of enchant armour {unknown}
 v - 3 scrolls of enchant weapon
 x - a scroll of torment {unknown}
 z - 2 scrolls of poison {unknown}
Potions
 f - a potion of haste
 h - a potion of mutation
 k - a potion of resistance
 t - 2 potions of attraction
 u - 4 potions of heal wounds
 A - 2 potions of might
 B - 2 potions of lignification
 D - a potion of curing


   Skills:
 - Level 3.2 Fighting
 + Level 6.4 Short Blades
 + Level 7.6 Dodging
 + Level 11.1 Stealth


You had 7 spell levels left.
You didn't know any spells.
Your spell library contained the following spells:

 Spells                   Type           Power      Damage    Failure   Level
 Foxfire                  Conj/Fire      0%         2x1d4     32%         1
 Scorch                   Fire           0%         2d5       45%         2
 Flame Wave               Conj/Fire      0%         2d4       97%         4
 Plasma Beam              Fire/Air       0%         2x1d10    100%        6
 Starburst                Conj/Fire      0%         6d3       100%        6
 Summon Cactus Giant      Summ           0%         N/A       100%        6


Dungeon Overview and Level Annotations

Branches:
Dungeon (8/15)             Temple (1/1) D:6
   Lair: D:8-11

Altars:
Ashenzari
Cheibriados
Dithmenos
Elyvilon
Fedhas
Gozag
Hepliaklqana
Kikubaaqudgha
Makhleb
Nemelex Xobeh
Okawaru
Qazlal
Ru
Sif Muna
Trog
Uskayaw
Wu Jian
Yredelemnul

Shops:
D:3 ?   D:5 [


Innate Abilities, Weirdness & Mutations

You are very small and have problems with some larger weapons.
You are too small for most types of armour.
You have supernaturally acute eyesight. (SInv)
You cover ground extremely quickly. (Speed+++)


Message History

The orc wizard shouts!
The orc wizard casts a spell at you. The magic dart hits you!
The orc wizard points at you and mumbles some strange words.
The puff of flame hits you.
You open the door.
There is an open door here.
Found a book of Fire.
Found a stone staircase leading down.
Found an escape hatch in the floor.
Found 8 gold pieces.
You pick up a book of Fire and begin reading...
You add the spells Foxfire, Plasma Beam and Starburst to your library.
There are no items here.
There is a stone staircase leading down here.
The orc wizard casts a spell at you. The magic dart hits you.
You climb downwards.
Found a maw talisman, a scroll labelled ZIKA EGHARCHUOPS and a morningstar.
There is a stone staircase leading up here.
Unknown command.
An orc priest comes into view. It is wielding a +0 hand axe.
The yak bellows! x2; You hear a bellow!
An orc wizard, an orc and a steam dragon come into view.
Found 8 gold pieces.
Found a scale mail.
Found a spear.
The steam dragon breathes steam at you. The ball of steam hits you!
The orc wizard shouts!
The orc shouts!
You hear a bellow!
Okay, then.
Unknown command.
The orc priest calls down the wrath of Beogh upon you.
Beogh smites you!
* * * LOW HITPOINT WARNING * * *
The orc wizard barely misses you.
Found a sharpened copper wand.
The orc priest calls down the wrath of Beogh upon you.
Beogh smites you!
You die...

..Y...####.. #.....#
.....<.#.§.# ##)....##
.......#.§.###.......##.
.......##§§.##...$......
.........§§.§..o..[....
..........#...#.oo.#
....?.....###§....##
#.)..........§##.##
#.......#####.##@.#
#........ ...#.......#
#.......# .............
......... ...##...#.....
...# ....##.... ....
...... .... ...^.. ...
./...... #.


You could see an orc priest, an orc wizard and an orc.

Vanquished Creatures
  A sky beast (D:5)
  2 black bears
  A centaur (D:6)
  2 phantoms
  A bullfrog (D:6)
  A wight (D:6)
  A howler monkey (D:4)
  A centaur zombie (D:7)
  4 hounds
  2 iguanas
  A killer bee zombie (D:7)
  5 gnolls
  13 adders
  3 shadow imps
  6 ufetubi
  A worm (D:2)
  A dart slug (D:5)
  6 orcs
  9 bats
  8 endoplasms
  3 giant cockroaches
  3 goblins
  7 hobgoblins
  7 jackals
  3 quokkas
  9 ball pythons
  5 frilled lizards
  7 kobolds
  4 rats
117 creatures vanquished.

Notes
Turn   | Place    | Note
-------+----------+-------------------------------------------
     0 | D:5      | dialectric the Spriggan Delver began the quest for the Orb.
     0 | D:5      | Reached XP level 1. HP: 11/11 MP: 2/2
     4 | D:5      | Found an ornate altar of the Wu Jian Council.
     5 | D:5      | Found a sparkling altar of Nemelex Xobeh.
     5 | D:5      | Found a snail-covered altar of Cheibriados.
    11 | D:5      | Found an iron altar of Okawaru.
    38 | D:5      | Noticed a hound
    40 | D:5      | Killed a hound
    41 | D:5      | Reached XP level 2. HP: 16/16 MP: 3/3
    41 | D:5      | Reached XP level 3. HP: 19/19 MP: 4/4
    94 | D:6      | Noticed a centaur
   103 | D:6      | Noticed a black bear
   104 | D:6      | Killed a centaur
   105 | D:6      | Reached skill level 8 in Stealth
   105 | D:6      | Reached XP level 4. HP: 24/24 MP: 5/5
   136 | D:6      | Found a staircase to the Ecumenical Temple.
   148 | Temple   | Entered the Ecumenical Temple
   289 | D:6      | Reached XP level 5. HP: 28/28 MP: 6/6
   992 | D:4      | Reached XP level 6. HP: 23/32 MP: 7/7
  1097 | D:4      | Reached skill level 5 in Dodging
  1574 | D:7      | Reached skill level 9 in Stealth
  1574 | D:7      | Noticed an ice beast
  1779 | D:3      | Found Mueqesh's Magic Scroll Shoppe.
  1791 | D:3      | Bought a scroll of teleportation for 30 gold pieces
  1791 | D:3      | Bought a scroll of blinking for 75 gold pieces
  1798 | D:3      | Found a white marble altar of Elyvilon.
  1916 | D:3      | Found an ancient bone altar of Kikubaaqudgha.
  1967 | D:3      | Found a shadowy altar of Dithmenos.
  1980 | D:3      | Became a worshipper of Dithmenos the Shadowed
  2041 | D:3      | Found a blossoming altar of Fedhas.
  3164 | D:2      | Found an opulent altar of Gozag.
  3551 | D:1      | Reached * piety under Dithmenos
  4384 | D:5      | Reached XP level 7. HP: 25/36 MP: 8/8
  4412 | D:5      | Reached skill level 5 in Short Blades
  4625 | D:5      | Reached ** piety under Dithmenos
  4758 | D:5      | Reached skill level 10 in Stealth
  5099 | D:5      | Found Veyh's Antique Armour Shop.
  5453 | D:7      | Reached XP level 8. HP: 38/40 MP: 9/9
  5688 | D:6      | Reached skill level 11 in Stealth
  5845 | D:8      | Killed from afar by an orc priest

Illustrated notes

Levels and vault maps discovered:
D:1:      ldierk_walled_garden_2, layout_loops_ring, serial_bayou_lagoon_a
D:2:      layout_basic, basic_altar
D:3:      layout_basic, mainiacjoe_overflow_tiny_flanked,
          mainiacjoe_overflow_alcove_4, mainiacjoe_overflow_catwalk,
          mainiacjoe_overflow_boulevard, serial_bayou, serial_bayou_ford_a,
          serial_bayou_lake_a, serial_bayou_pond_d, serial_bayou_shore_b,
          serial_bayou_lagoon_b, serial_shops, nicolae_shop_hallway_plus,
          hangedman_decor_diamond_cutter, minmay_distorted
D:4:      layout_basic
D:5:      layout_basic, minitemple, serial_shops, shop
D:6:      layout_loops_cross, minmay_temple_entry_mist
D:7:      layout_gridville, serial_undead, serial_undead_e, serial_undead_a,
          serial_undead_e, serial_undead_f, serial_shops,
          nicolae_shop_gibbet_a_chance, uniq_maggie
D:8:      layout_cave_pools, nicolae_tso_swordbearing_angel, uniq_grum
Temple:   nicolae_temple_bog_church

Skill      XL: |  1  2  3  4  5  6  7  8 |
---------------+-------------------------+-----
Dodging        | 3 4 5 7 |  7.6
Fighting       | 3 |  3.2
Short Blades   | 3 4 6 |  6.4
Stealth        | 8 9 10 11 | 11.1

Action                     |  1- 3 |  4- 6 |  7- 9 || total
---------------------------+-------+-------+-------++-------
  Melee: Short sword       |     3 |   292 |   130 ||   425
         Punch             |       |     3 |     2 ||     5
  Throw: Dart              |       |       |    46 ||    46
         Throwing net      |       |       |     1 ||     1
  Evoke: Wand              |       |       |    11 ||    11
    Use: Scroll            |       |     1 |     8 ||     9
   Stab: Sleeping          |     3 |    45 |     5 ||    53
         Distracted        |       |     1 |       ||     1
 Armour: Robe              |       |    55 |    51 ||   106
  Dodge: Dodged            |       |   182 |   194 ||   376

Table legend: (Time is in decaauts)
 A = Elapsed time spent in this place.
 B = Non-inter-level travel time spent in this place.
 C = Inter-level travel time spent in this place.
 D = Time resting spent in this place.
 E = Time spent auto-exploring this place.
 F = Levels seen in this place.
 G = Mean time per level.
                   A        B        C        D        E       F      G
               +--------+--------+--------+--------+--------+-----+--------+
         Total |   3964 |   3743 |    221 |     18 |   2274 |   9 |  440.4 |
       Dungeon |   3893 |   3681 |    212 |     18 |   2274 |   8 |  486.6 |
        Temple |     71 |     63 |      8 |      0 |      0 |   1 |   71.0 |
               +--------+--------+--------+--------+--------+-----+--------+

Top non-repeatable levels by time:
     D:5: 801 daAuts
     D:4: 753 daAuts
     D:2: 661 daAuts
     D:3: 580 daAuts
     D:6: 530 daAuts
     D:1: 448 daAuts
     D:7: 109 daAuts
  Temple: 71 daAuts
     D:8: 8 daAuts
